 Dungeon Crawl Stone Soup version 0.27-a0-760-gc38aae387d (webtiles) character file.

Game seed: 16327678996440365916

401 polve the Cleaver (level 6, -1/85 HPs)
             Began as a Hill Orc Berserker on Mar 24, 2021.
             Was a Priest of Trog.
             Slain by an ogre
             ... wielding a +0 giant club
              (6 damage)
             ... on level 4 of the Dungeon.
             The game lasted 00:02:51 (4558 turns).

polve the Cleaver (Hill Orc Berserker)              Turns: 4558, Time: 00:02:51

Health: -1/85      AC:  8    Str: 20    XL:     6   Next: 85%
Magic:  6/6        EV:  8    Int:  7    God:    Trog [***...]
Gold:   178        SH:  0    Dex: 12    Spells: 5/5 levels left

rFire    + . .     SeeInvis .   a - +0 hand axe
rCold    . . .     Faith    .   (no shield)
rNeg     . . .     Spirit   .   s - +0 chain mail {rF+}
rPois    .         Reflect  .   (no helmet)
rElec    .         Harm     .   (no cloak)
rCorr    .         Rampage  .   (no gloves)
Will     .....                  (no boots)
Stlth    ..........             (no amulet)
HPRegen  0.24/turn              (no ring)
MPRegen  0.10/turn              (no ring)

@: berserking, very quick
A: no striking features
a: Renounce Religion, Berserk, Trog's Hand


You were on level 4 of the Dungeon.
You worshipped Trog.
Trog was most pleased with you.
You visited 1 branch of the dungeon, and saw 4 of its levels.

You collected 178 gold pieces.

Inventory:

Hand Weapons
 a - a +0 hand axe (weapon)
Armour
 s - a +0 chain mail of fire resistance (worn)
Scrolls
 e - a scroll of random uselessness {unknown}
 f - 3 scrolls of identify {unknown}
 i - a scroll of magic mapping {unknown}
 j - a scroll of fog {unknown}
 k - 4 scrolls of teleportation {unknown}
 m - a scroll of amnesia {unknown}
 n - a scroll of enchant armour {unknown}
 p - a scroll of holy word {unknown}
 q - a scroll of fear {unknown}
 r - a scroll of immolation {unknown}
Potions
 b - a potion of heal wounds {unknown}
 c - a potion of berserk rage {unknown}
 h - 4 potions of curing {unknown}
 l - a potion of might {unknown}
 o - 3 potions of lignification {unknown}


   Skills:
 + Level 5.8 Fighting
 * Level 8.3 Axes
 + Level 2.3 Armour
 - Level 1.5 Dodging


You had 5 spell levels left.
You didn't know any spells.
Your spell library was empty.

Dungeon Overview and Level Annotations

Branches:
Dungeon (4/15)
 Temple: D:4-7

Altars:
Qazlal
Yredelemnul


Message History

An adder skeleton comes into view.
Your chain mail prevents you from hitting the ogre.
The ogre hits you with a +0 giant club!!
You are too injured to fight recklessly!
You are too injured to fight recklessly!
You are too injured to fight recklessly!
You are too injured to fight recklessly!
You are too injured to fight recklessly!
You are too injured to fight recklessly!
You are too injured to fight recklessly!
You are too injured to fight recklessly!
You are too injured to fight recklessly!
You are too injured to fight recklessly!
You are too injured to fight recklessly!
You are too injured to fight recklessly!
You are too injured to fight recklessly!
You are too injured to fight recklessly!
You are too injured to fight recklessly!
You are too injured to fight recklessly!
You are too injured to fight recklessly!
You completely miss the ogre. The ogre hits you with a +0 giant club!
* * * LOW HITPOINT WARNING * * *
A red film seems to cover your vision as you go berserk!
You feel yourself moving faster!
You feel mighty!
The adder skeleton bites you but does no damage.
The ogre hits you with a +0 giant club!!
* * * LOW HITPOINT WARNING * * *
You barely miss the ogre. You slash the adder skeleton! You slash the ogre!
The ogre is moderately wounded.
You hit the adder skeleton.
You destroy the adder skeleton!
Trog accepts your kill. The ogre barely misses you.
You barely miss the ogre.
The ogre is moderately wounded.
You slash the ogre!
The ogre is heavily wounded.
The ogre hits you with a +0 giant club.
You die...

#.....#........'..[#
#.....#..>.....#######
#.....#........# #...#
#######........###.#.#
########.....#.#
#.....<....#
#.########## #.# #@#
#..O..# #.....#
#....... #.....#..
#.....#...# #.....#
#.# #.....# .#


You could see an ogre.

Vanquished Creatures
  An ogre (D:4)
  A scorpion (D:4)
  A hound (D:4)
  2 orc priests
  4 gnolls (D:2)
  A howler monkey skeleton (D:4)
  4 adders (D:3)
  An adder zombie (D:2)
  An adder skeleton (D:4)
  5 dart slugs
  8 orcs
  8 ball pythons
  8 bats
  3 endoplasms
  3 giant cockroaches
  6 goblins
  5 hobgoblins
  4 quokkas
  A ball python zombie (D:2)
  3 frilled lizards
  A giant cockroach zombie (D:2)
  7 kobolds
  4 rats
82 creatures vanquished.

Notes
Turn   | Place    | Note
-------+----------+-------------------------------------------
     0 | D:1      | polve the Hill Orc Berserker began the quest for the Orb.
     0 | D:1      | Reached XP level 1. HP: 19/19 MP: 1/1
   173 | D:1      | Reached XP level 2. HP: 19/27 MP: 2/2
   838 | D:1      | Reached skill level 5 in Axes
   858 | D:1      | Reached XP level 3. HP: 32/33 MP: 3/3
  1612 | D:2      | Reached ** piety under Trog
  1710 | D:2      | Reached XP level 4. HP: 35/41 MP: 4/4
  1825 | D:2      | Reached skill level 6 in Axes
  2101 | D:2      | Found a basalt altar of Yredelemnul.
  2306 | D:2      | Found a stormy altar of Qazlal.
  2723 | D:3      | Reached XP level 5. HP: 47/47 MP: 5/5
  3189 | D:3      | Reached skill level 5 in Fighting
  3194 | D:3      | Reached skill level 7 in Axes
  3655 | D:4      | Reached XP level 6. HP: 56/56 MP: 6/6
  4274 | D:4      | Found a stormy altar of Qazlal.
  4313 | D:4      | Reached skill level 8 in Axes
  4417 | D:4      | Reached *** piety under Trog
  4554 | D:4      | HP: 4/85 [ogre/+0 giant club (18)]
  4558 | D:4      | Slain by an ogre

Illustrated notes

Levels and vault maps discovered:
D:1:      ncdulo_halloftheorcs, layout_basic
D:2:      layout_basic, nicolae_yredelemnul_corpse_copse,
          nicolae_qazlal_eye_of_the_storm
D:3:      layout_basic
D:4:      layout_basic, lemuel_crystal_altar

Skill      XL: |  1  2  3  4  5  6 |
---------------+-------------------+-----
Fighting       | 4 5 |  5.8
Axes           | 5 6 7 8 |  8.3
Armour         | |  2.3
Dodging        | |  1.5

Action                   |  1- 3 |  4- 6 || total
-------------------------+-------+-------++-------
Melee: Hand axe          |    98 |   196 ||   294
Invok: Berserk           |       |     7 ||     7
 Stab: Sleeping          |     1 |       ||     1
Armor: Animal skin       |     1 |       ||     1
       Leather armour    |    62 |    51 ||   113
       Chain mail        |       |    10 ||    10
Dodge: Dodged            |    71 |   104 ||   175

Table legend: (Time is in decaauts)
 A = Elapsed time spent in this place.
 B = Non-inter-level travel time spent in this place.
 C = Inter-level travel time spent in this place.
 D = Time resting spent in this place.
 E = Time spent auto-exploring this place.
 F = Levels seen in this place.
 G = Mean time per level.
                   A        B        C        D        E       F      G
               +--------+--------+--------+--------+--------+-----+--------+
         Total |   4612 |   4549 |     63 |    202 |   3710 |   4 | 1153.0 |
       Dungeon |   4612 |   4549 |     63 |    202 |   3710 |   4 | 1153.0 |
               +--------+--------+--------+--------+--------+-----+--------+

Top non-repeatable levels by time:
     D:2: 1469 daAuts
     D:1: 1166 daAuts
     D:4: 1072 daAuts
     D:3: 903 daAuts
